 Dungeon Crawl Stone Soup version 0.25.1-9-gc5326a611f (webtiles) character file.

Game seed: 8966233983216387365

216 cheechan the Chopper (level 5, -2/49 HPs)
             Began as a Naga Fighter on Nov 7, 2021.
             Was a Follower of Okawaru.
             Slain by a wight
             ... wielding a cursed +0 flail
              (3 damage)
             ... on level 2 of the Dungeon.
             The game lasted 00:06:41 (1669 turns).

cheechan the Chopper (Naga Fighter)                 Turns: 1669, Time: 00:06:41

Health: -2/49      AC:  8    Str: 19    XL:     5   Next: 93%
Magic:  5/5        EV:  5    Int: 11    God:    Okawaru [*.....]
Gold:   53         SH:  8    Dex: 10    Spells: 4/4 levels left

rFire    . . .     SeeInvis +   a - +0 war axe
rCold    . . .     Gourm    .   c - +0 kite shield
rNeg     . . .     Faith    .   b - +0 scale mail
rPois    +         Spirit   .   (no helmet)
rElec    .         Reflect  .   (no cloak)
rCorr    .         Harm     .   e - +0 pair of gloves
MR       +....                  (no barding)
Stlth    ..........             (no amulet)
HPRegen  0.16/turn              m - ring of poison resistance
MPRegen  0.09/turn              (no ring)

@: mighty, drained, very slow
A: large, yellow scales 1, see invisible, clever 1, deformed body, deterioration
1, magic resistance 1, poison resistance, slowness 2, slow metabolism 1, spit
poison 1, wild magic 1, AC +1
a: Spit Poison, Heroism, Renounce Religion


You were on level 2 of the Dungeon.
You worshipped Okawaru.
Okawaru was aware of your devotion.
You were not hungry.

You visited 1 branch of the dungeon, and saw 2 of its levels.

You collected 53 gold pieces.

Inventory:

Hand Weapons
 a - a +0 war axe (weapon)
 n - a +0 hunting sling
Missiles
 i - 28 bolts
 j - 12 sling bullets
 l - 21 arrows
Armour
 b - a +0 scale mail (worn)
 c - a +0 kite shield (worn)
 e - a +0 pair of gloves (worn)
Jewellery
 m - a ring of poison resistance (left hand)
Potions
 g - a potion of magic {unknown}
 h - a potion of heal wounds {unknown}
 k - a potion of curing {unknown}
Comestibles
 f - a ration


   Skills:
 + Level 3.4(2.9) Fighting
 + Level 4.0(3.4) Axes
 + Level 3.1(2.5) Armour
 + Level 0.7(0.1) Dodging
 + Level 0.1(0.0) Stealth
 + Level 3.3(2.7) Shields


You had 4 spell levels left.
You didn't know any spells.
Your spell library was empty.

Dungeon Overview and Level Annotations

Branches:
Dungeon (2/15)

Altars:
Cheibriados
Dithmenos
Makhleb
Nemelex Xobeh
Okawaru
Trog
Xom
The Shining One


Innate Abilities, Weirdness & Mutations

You cannot wear boots.
Your serpentine skin is tough. (AC +1)
You have supernaturally acute eyesight. (SInv)
Armour fits poorly on your strangely shaped body.
Your system is resistant to poisons. (rPois)
You cover ground very slowly.
You have a slow metabolism.
You can spit poison.
You are partially covered in yellow scales. (AC +2)
Your mind is acute. (Int +2)
Your body sometimes deteriorates upon taking damage.
You are resistant to hostile enchantments. (MR+)
Your spells are a little harder to cast, but a little more powerful.


Message History

Okawaru accepts your kill.
You hit the wight but do no damage. You block the wight's attack.
The wight hits you with a cursed +0 flail.
* * * LOW HITPOINT WARNING * * *
You feel drained.
* * * LOW HITPOINT WARNING * * *
You hit the wight.
You destroy the wight!
Okawaru accepts your kill.
You can now gain great but temporary skills.
Your base Axes skill increases to level 4!
You hit the wight.
The wight hits you with a cursed +0 flail.
* * * LOW HITPOINT WARNING * * *
You feel drained.
* * * LOW HITPOINT WARNING * * *
You barely miss the wight.
The wight is moderately damaged.
The wight hits you with a cursed +0 flail.
You die...

# #########.#
#.........#
#####.........#
#...#.).......#
#.....)).......
#...#..@)......
##.##...z......
#.##..........
##'##########..
#......# .($.
#......# ....
#......# >..
####'########
..#
#...........#
..#


You could see a wight.

Vanquished Creatures
  4 wights (D:2)
  An adder skeleton (D:2)
  A worm (D:2)
  A dart slug (D:2)
  2 leopard geckos
  A giant cockroach (D:1)
  6 goblins
  5 hobgoblins
  7 jackals (D:2)
  2 ball pythons (D:1)
  5 bats
  2 frilled lizards (D:1)
  5 kobolds
  3 rats
45 creatures vanquished.

Notes
Turn   | Place    | Note
-------+----------+-------------------------------------------
     0 | D:1      | cheechan the Naga Fighter began the quest for the Orb.
     0 | D:1      | Reached XP level 1. HP: 21/21 MP: 1/1
   394 | D:1      | Reached XP level 2. HP: 28/28 MP: 2/2
   843 | D:1      | You fall into a shaft and drop 1 floor!
   946 | D:2      | Reached XP level 3. HP: 28/34 MP: 3/3
   978 | D:2      | Gained mutation: You expend magic power (3 MP) to
                  | strengthen your wands. [potion of mutation]
   978 | D:2      | Gained mutation: Your spells are a little harder to cast,
                  | but a little more powerful. [potion of mutation]
   978 | D:2      | Gained mutation: You are partially covered in yellow
                  | scales. (AC +2) [potion of mutation]
   979 | D:2      | Lost mutation: You expend magic power (3 MP) to strengthen
                  | your wands. [potion of mutation]
   979 | D:2      | Lost mutation: Your spells are a little harder to cast, but
                  | a little more powerful. [potion of mutation]
   979 | D:2      | Gained mutation: Your mind is acute. (Int +2) [potion of
                  | mutation]
   979 | D:2      | Gained mutation: Your spells are a little harder to cast,
                  | but a little more powerful. [potion of mutation]
   979 | D:2      | Gained mutation: Your body sometimes deteriorates upon
                  | taking damage. [potion of mutation]
   979 | D:2      | Gained mutation: You are resistant to hostile enchantments.
                  | (MR+) [potion of mutation]
  1135 | D:2      | Found an iron altar of Okawaru.
  1136 | D:2      | Found a shimmering altar of Xom.
  1136 | D:2      | Found a sparkling altar of Nemelex Xobeh.
  1138 | D:2      | Found a snail-covered altar of Cheibriados.
  1139 | D:2      | Found a burning altar of Makhleb.
  1139 | D:2      | Found a glowing golden altar of the Shining One.
  1139 | D:2      | Found a bloodstained altar of Trog.
  1140 | D:2      | Found a shadowy altar of Dithmenos.
  1143 | D:2      | Became a worshipper of Warmaster Okawaru
  1654 | D:2      | Reached skill level 3 in Axes
  1654 | D:2      | Reached XP level 4. HP: 17/42 MP: 4/4
  1657 | D:2      | Reached XP level 5. HP: 21/49 MP: 5/5
  1668 | D:2      | Reached * piety under Okawaru
  1668 | D:2      | Reached skill level 4 in Axes
  1668 | D:2      | HP: 2/49 [wight/cursed +0 flail (3)]
  1669 | D:2      | Slain by a wight

Illustrated notes

Levels and vault maps discovered:
D:1:      lightli_arrival_windingriver, layout_basic
D:2:      layout_basic, grunt_temple_overflow_open, guppyfry_early_lair_pool

Skill      XL: |  1  2  3  4  5 |
---------------+----------------+-----
Axes           | 3 4 |  4.0
Shields        | 3 |  3.3
Armour         | 3 |  3.1
Fighting       | |  3.4
Dodging        | |  0.7
Stealth        | |  0.1

Action                   |  1- 3 |  4- 6 || total
-------------------------+-------+-------++-------
Melee: War axe           |   119 |     9 ||   128
 Abil: Spit Poison       |     2 |       ||     2
  Use: Scroll            |     4 |       ||     4
       Potion            |     2 |     1 ||     3
  Eat: Ration            |     1 |       ||     1
Armor: Scale mail        |    65 |     7 ||    72
Dodge: Dodged            |    32 |     3 ||    35
Block: Kite shield       |    73 |     6 ||    79
